 Dungeon Crawl Stone Soup version 0.30.0-16-gbe6223bb7e (webtiles) character file.

Game seed: 9284318439005942851

128 sasquatch the Firebug (level 4, -3/33 HPs)
             Began as a Demigod Fire Elementalist on May 20, 2023.
             Slain by an orc wizard
             ... wielding a +1 dagger of freezing
              (4 damage)
             ... on level 2 of the Dungeon.
             The game lasted 00:04:14 (2829 turns).

sasquatch the Firebug (Demigod Fire Elementalist)   Turns: 2829, Time: 00:04:15

Health: -3/33      AC:  3    Str:  9    XL:     4   Next: 57%
Magic:  0/10       EV: 12    Int: 21    God:
Gold:   76         SH:  0    Dex: 14    Spells: 2/8 levels left

rFire   . . .        d - +0 short sword
rCold   . . .        (no shield)
rNeg    . . .        a - +0 robe
rPois   .            f - +0 helmet
rElec   .            (no cloak)
rCorr   .            (no gloves)
SInv    .            (no boots)
Will    .....        (no amulet)
Stlth   ++           (no ring)
HPRegen 0.25/turn    (no ring)
MPRegen 0.12/turn

%: no passive effects
@: mighty
A: high MP 1, forlorn, divine attributes
a: no special abilities


You were on level 2 of the Dungeon.
You visited 1 branch of the dungeon, and saw 3 of its levels.

You collected 201 gold pieces.
You spent 125 gold pieces at shops.

Inventory:

Hand Weapons
 d - a +0 short sword (weapon)
Armour
 a - a +0 robe (worn)
 f - a +0 helmet (worn)
 i - a +0 leather armour
Magical Staves
 o - a staff of air
Scrolls
 c - 2 scrolls of teleportation
 h - a scroll of noise {unknown}
 j - 4 scrolls of amnesia
 k - a scroll of butterflies {unknown}
 n - a scroll of brand weapon {unknown}
 q - a scroll of blinking
Potions
 b - a potion of magic
 g - a potion of degeneration {unknown}
 l - a potion of curing {unknown}
 m - a potion of mutation {unknown}
 p - a potion of resistance {unknown}


   Skills:
 - Level 2.0 Dodging
 + Level 2.9 Stealth
 + Level 2.5 Spellcasting
 + Level 2.1 Conjurations
 + Level 3.4 Fire Magic


You had 2 spell levels left.
You knew the following spells:

 Your Spells              Type           Power      Damage    Failure   Level
a - Foxfire               Conj/Fire      56%        2x1d6     4%          1
b - Scorch                Fire           32%        2d6       5%          2
c - Inner Flame           Hex/Fire       9%         N/A       22%         3

Your spell library contained the following spells:

 Spells                   Type           Power      Damage    Failure   Level
 Volatile Blastmotes      Fire/Tloc      18%        2d11      22%         3
 Flame Wave               Conj/Fire      14%        2d6       41%         4


Dungeon Overview and Level Annotations

Branches:
Dungeon (3/15)

Shops:
D:3 ?

Annotations:
D:3 1 runed translucent door


Innate Abilities, Weirdness & Mutations

You have an increased reservoir of magic. (+10% MP)
You shall have no god before yourself.
Your divine heritage dramatically boosts your attributes as you level up.


Message History

There is a stone staircase leading down here.
Something hits you. Something freezes you.
You hear some strange, mumbled words.
A magic dart appears from out of thin air!
The magic dart hits you.
There is a stone staircase leading down here.
You're too confused to cast spells.
You're too confused to cast spells.
You feel less confused.
You hit something. Something hits you. Something freezes you.
* * * LOW HITPOINT WARNING * * *
Casting: Foxfire (safe; 4% risk of failure)
Press: ? - help, Q - select action, (/) - cycle Dir - look around, f - activate You conjure some foxfire!
Something hits you.
* * * LOW HITPOINT WARNING * * *
Something freezes you.
* * * LOW HITPOINT WARNING * * *
You closely miss something.
The foxfire hits something but does no damage.
The foxfire hits something.
You hear some strange, mumbled words.
Something tries to affect you, but you resist.
You feel very mighty all of a sudden. Something hits you.
* * * LOW HITPOINT WARNING * * *
Something freezes you.
* * * LOW HITPOINT WARNING * * *
You closely miss something. Something hits you.
* * * LOW HITPOINT WARNING * * *
Something freezes you.
* * * LOW HITPOINT WARNING * * *
Casting: Foxfire (safe; 4% risk of failure)
Press: ? - help, Q - select action, (/) - cycle Dir - look around, f - activate You conjure some foxfire!
Something hits you but does no damage.
You closely miss something.
The foxfire hits something but does no damage. x2
Something hits you.
You die...

######## #......#####
#.##.#.#.#.## #......ยงยง...#
#..#...@...## #......{....#
#.##....[..## #.#.........#
#..#.......##
####...........# ########
#.....#.#.#.#.## #.......
#........###### #.......
###.[....#.###########....)..


There were no monsters in sight!

Vanquished Creatures
  6 adders
  A worm (D:2)
  3 dart slugs
  6 orcs
  2 ball pythons
  10 bats
  4 endoplasms
  3 giant cockroaches
  7 goblins
  3 hobgoblins (D:1)
  A quokka (D:2)
  2 frilled lizards (D:1)
  4 kobolds
  8 rats
60 creatures vanquished.

Vanquished Creatures (collateral kills)
  2 foxfires (D:2)
2 creatures vanquished.

Vanquished Creatures (others)
  197 foxfires
197 creatures vanquished.

Grand Total: 259 creatures vanquished

Notes
Turn   | Place    | Note
-------+----------+-------------------------------------------
     0 | D:1      | sasquatch the Demigod Fire Elementalist began the quest for
                  | the Orb.
     0 | D:1      | Reached XP level 1. HP: 14/14 MP: 5/5
    67 | D:1      | Reached skill level 1 in Conjurations
   261 | D:1      | Reached XP level 2. HP: 20/20 MP: 1/7
   266 | D:1      | Learned a level 2 spell: Scorch
   831 | D:1      | Reached skill level 3 in Fire Magic
  1343 | D:2      | Reached XP level 3. HP: 26/26 MP: 4/8
  1384 | D:2      | Learned a level 3 spell: Inner Flame
  2041 | D:2      | Reached XP level 4. HP: 33/33 MP: 5/10
  2554 | D:3      | Found Timy's Magic Scroll Shop.
  2562 | D:3      | Bought a scroll of identify for 20 gold pieces
  2562 | D:3      | Bought a scroll of teleportation for 30 gold pieces
  2562 | D:3      | Bought a scroll of blinking for 75 gold pieces
  2678 | D:3      | Found a runed translucent door.
  2827 | D:2      | HP: 1/33 [something (1)]
  2829 | D:2      | Slain by an orc wizard

Illustrated notes

Levels and vault maps discovered:
D:1:      spicycebolla_green_bress_n_ham, layout_loops_ring,
          shapermc_ecumenical_altar_ellora, moated_statue, amethyst_killhole,
          minmay_misc_feat_nine_boxes, minmay_hexomino_c4
D:2:      cheibrodos_old_hovel, layout_basic, st_stairs_4
D:3:      layout_loops_ring, serial_shops, shop, portal_sewer_entry_f,
          ebering_ghost_sewer_d, minmay_misc_feat_diagonals,
          kennysheep_pointless_box, st_stairs_1, grunt_decor_arrowhead,
          uniq_sigmund

Skill      XL: |  1  2  3  4 |
---------------+-------------+-----
Conjurations   | 1 2 |  2.1
Stealth        | 2 |  2.9
Dodging        | 2 |  2.0
Spellcasting   | 2 |  2.5
Fire Magic     | 3 |  3.4

Action                     |  1- 3 |  4- 6 || total
---------------------------+-------+-------++-------
  Melee: Short sword       |     5 |    11 ||    16
   Cast: Foxfire           |    91 |    34 ||   125
         Scorch            |     6 |     9 ||    15
    Use: Scroll            |       |     2 ||     2
         Potion            |       |     1 ||     1
 Armour: Robe              |     7 |     3 ||    10
  Dodge: Dodged            |    17 |    12 ||    29
